 Dungeon Crawl Stone Soup version 0.25.1-2-g60ff931df9 (webtiles) character file.

Game seed: 5953296066291580832

4417 gruber the Frost Mage (level 10, -3/74 HPs)
             Began as a Gnoll Ice Elementalist on Nov 17, 2020.
             Was a Follower of Vehumet.
             Slain by a two-headed ogre
             ... wielding a +0 giant club
              (8 damage)
             ... on level 9 of the Dungeon.
             The game lasted 00:11:37 (9514 turns).

gruber the Frost Mage (Gnoll Ice Elementalist)      Turns: 9514, Time: 00:11:38

Health: -3/74      AC:  7    Str: 11    XL:     10   Next: 36%
Magic:  9/20       EV: 20    Int: 21    God:    Vehumet [*.....]
Gold:   793        SH:  0    Dex: 15    Spells: 11/23 levels left

rFire    x . .     SeeInvis .   A - +2 whip (pain)
rCold    + . .     Gourm    .   (no shield)
rNeg     . . .     Faith    .   F - +0 steam dragon scales
rPois    .         Spirit   .   y - +0 helmet
rElec    .         Reflect  .   (no cloak)
rCorr    .         Harm     .   (no gloves)
MR       .....                  (no boots)
Stlth    +++.......             u - amulet of regeneration
HPRegen  0.62/turn              g - ring of ice
MPRegen  0.17/turn              E - +4 ring of evasion

@: lethally poisoned (-3 -> -4), frozen ramparts
A: distributed training, fangs 1, strong nose
a: Renounce Religion


You were on level 9 of the Dungeon.
You worshipped Vehumet.
Vehumet was aware of your devotion.
You were hungry.

You visited 2 branches of the dungeon, and saw 10 of its levels.

You collected 821 gold pieces.
You spent 28 gold pieces at shops.

Inventory:

Hand Weapons
 l - a +2 dagger of holy wrath
 A - a +2 whip of pain (weapon)
Missiles
 i - 2 curare-tipped darts (quivered)
Armour
 y - a +0 helmet (worn)
 F - +0 steam dragon scales (worn)
Jewellery
 a - a +6 ring of intelligence {unknown}
 g - a ring of ice (left hand)
 p - an uncursed ring of magical power
 u - an amulet of regeneration (around neck)
 E - a +4 ring of evasion (right hand)
Scrolls
 b - 6 scrolls of remove curse
 d - 3 scrolls of teleportation {unknown}
 k - 9 scrolls of identify
 n - 4 scrolls of fear {unknown}
 o - 3 scrolls of amnesia {unknown}
 q - 2 scrolls of enchant weapon {unknown}
 w - a scroll of noise {unknown}
 x - 2 scrolls of fog {unknown}
 z - 4 scrolls of enchant armour {unknown}
 C - 2 scrolls of magic mapping {unknown}
 D - a scroll of immolation {unknown}
 H - a scroll of acquirement {unknown}
Potions
 e - 3 potions of brilliance {unknown}
 f - 7 potions of lignification {unknown}
 h - 8 potions of curing {unknown}
 j - 2 potions of degeneration {unknown}
 m - a potion of ambrosia {unknown}
 r - 3 potions of flight {unknown}
 s - a potion of might {unknown}
 t - 2 potions of mutation {unknown}
 v - 2 potions of haste {unknown}
 B - a potion of cancellation {unknown}
Comestibles
 c - 19 rations


   Skills:
 + Level 5.1 Fighting
 + Level 5.1 Short Blades
 + Level 5.1 Long Blades
 + Level 5.1 Axes
 + Level 5.1 Maces & Flails
 + Level 5.1 Polearms
 + Level 5.1 Staves
 + Level 5.1 Slings
 + Level 5.1 Bows
 + Level 5.1 Crossbows
 + Level 5.1 Throwing
 + Level 5.1 Armour
 + Level 6.9 Dodging
 + Level 6.7 Stealth
 + Level 5.1 Shields
 + Level 5.1 Unarmed Combat
 + Level 7.2 Spellcasting
 + Level 4.2 Conjurations
 + Level 4.2 Hexes
 + Level 4.2 Charms
 + Level 4.2 Summonings
 + Level 4.2 Necromancy
 + Level 4.2 Translocations
 + Level 4.2 Transmutations
 + Level 4.2 Fire Magic
 + Level 8.3 Ice Magic
 + Level 4.2 Air Magic
 + Level 4.2 Earth Magic
 + Level 4.2 Poison Magic
 + Level 5.6 Invocations
 + Level 5.1 Evocations


You had 11 spell levels left.
You knew the following spells:

 Your Spells              Type           Power        Failure   Level  Hunger
a - Freeze                Ice            ####         1%          1    None
b - Frozen Ramparts       Ice            ######       1%          3    None
c - Hailstorm             Conj/Ice       ######..     6%          4    ###....
d - Summon Ice Beast      Ice/Summ       ######..     6%          4    ###....

Your spell library contained the following spells:

 Spells                   Type           Power        Failure   Level  Hunger
 Shock                    Conj/Air       ####         1%          1    None
 Animate Skeleton         Necr           N/A          1%          1    None
 Apportation              Tloc           ####..       1%          1    None
 Corona                   Hex            ####...      1%          1    None
 Summon Small Mammal      Summ           ####         1%          1    None
 Ozocubu's Armour         Chrm/Ice       ######..     1%          3    None


Dungeon Overview and Level Annotations

Branches:
Dungeon (9/15)             Temple (1/1) D:7            Lair (0/6) D:8
    Orc: D:9-12

Altars:
Ashenzari
Cheibriados
Dithmenos
Elyvilon
Fedhas
Gozag
Hepliaklqana
Kikubaaqudgha
Makhleb
Nemelex Xobeh
Okawaru
Qazlal
Ru
Sif Muna
Trog
Uskayaw
Vehumet
Wu Jian
Yredelemnul
Zin
The Shining One

Shops:
D:5 :   D:6 ?

Annotations:
D:9 1 runed translucent door, guibole's ghost, novice HOFi


Innate Abilities, Weirdness & Mutations

Your experience applies equally to all skills.
You have very sharp teeth.
Your uncanny sense of smell can sniff out nearby items.


Message History

The wall freezes the orc warrior!
You kill the orc warrior!
Vehumet accepts your kill.
Casting: Summon Ice Beast (dangerous; 6% risk of failure)
Confirm with . or Enter, or press ? or * to list all spells.
Aiming: Freeze (safe; 1% risk of failure)
Press: ? - help, Shift-Dir - straight line, f - two-headed ogre
Aim: a two-headed ogre, wielding a +0 giant club and a +0 dire flail (severely wounded)
You feel a surge of power!
You freeze the two-headed ogre.
The two-headed ogre is severely wounded.
The wall freezes the orc wizard!
The orc wizard mumbles some strange words.
The orc wizard blinks!
Your ice beast barely misses the two-headed ogre.
Your ice beast closely misses the ogre.
The wall freezes the centaur.
The centaur shoots an arrow.
The arrow hits your ice beast.
The wall freezes the two-headed ogre!
The two-headed ogre completely misses you.
The two-headed ogre hits you with a +0 dire flail!
You die...

§≈#. #.. ....
§#.#...#...........
+....#..c......... ∆
..#....#.........
.....##........# ..c
#..........
#.###..........
#Y#)...o.......
#@O)...<.......
#.....O##§#..........
......Y...#.........#
.................(.##
.........##.....####
......... #.....#
......... #.....#
......... #######


You could see a two-headed ogre, an ogre, a centaur, an orc wizard and 2
friendly ice beasts.

Vanquished Creatures
  Maggie (D:8)
  A yak (D:8)
  A porcupine (D:8)
  4 orc warriors
  An ice beast (D:5)
  2 sky beasts
  2 phantoms (D:6)
  6 ogres
  3 crocodiles (D:8)
  2 big kobolds
  2 bullfrogs
  A gnoll sergeant (D:5)
  3 scorpions
  2 howler monkeys
  A bullfrog zombie (D:8)
  A quasit (D:8)
  A jelly (D:8)
  4 hounds
  3 orc priests
  A centaur skeleton (D:4)
  3 bullfrog skeletons
  2 iguanas
  3 orc wizards
  6 worker ants
  11 adders
  8 gnolls
  A howler monkey skeleton (D:3)
  2 adder zombies (D:8)
  9 worms
  A dart slug (D:1)
  5 leopard geckos
  26 orcs
  9 giant cockroaches
  9 goblins
  2 hobgoblins (D:3)
  5 jackals (D:6)
  13 kobolds
  A quokka (D:5)
  2 ball pythons
  4 bats
  6 frilled lizards
  8 rats
178 creatures vanquished.

Vanquished Creatures (collateral kills)
  Joseph (D:8)
  2 yaks (D:8)
  A basilisk (D:8)
  3 porcupines (D:8)
  An ice beast (D:8)
  A crocodile (D:8)
  4 wights (D:8)
  A crimson imp (D:8)
  A hound (D:8)
  An adder skeleton (D:8)
16 creatures vanquished.

Vanquished Creatures (others)
  2 fungi (D:8)
2 creatures vanquished.

Grand Total: 196 creatures vanquished

Notes
Turn   | Place    | Note
-------+----------+-------------------------------------------
     0 | D:1      | gruber the Gnoll Ice Elementalist began the quest for the
                  | Orb.
     0 | D:1      | Reached XP level 1. HP: 13/13 MP: 6/6
   384 | D:1      | Reached XP level 2. HP: 19/19 MP: 5/7
  1007 | D:2      | Reached XP level 3. HP: 21/25 MP: 1/9
  1012 | D:2      | Learned a level 3 spell: Frozen Ramparts
  1102 | D:2      | Reached skill level 5 in Spellcasting
  1418 | D:2      | Reached skill level 1 in Invocations
  1545 | D:2      | Reached skill level 1 in Fighting
  1545 | D:2      | Reached skill level 1 in Short Blades
  1545 | D:2      | Reached skill level 1 in Long Blades
  1545 | D:2      | Reached skill level 1 in Axes
  1545 | D:2      | Reached skill level 1 in Maces & Flails
  1545 | D:2      | Reached skill level 1 in Polearms
  1545 | D:2      | Reached skill level 1 in Staves
  1545 | D:2      | Reached skill level 1 in Slings
  1545 | D:2      | Reached skill level 1 in Bows
  1545 | D:2      | Reached skill level 1 in Crossbows
  1545 | D:2      | Reached skill level 1 in Throwing
  1545 | D:2      | Reached skill level 1 in Armour
  1545 | D:2      | Reached skill level 1 in Shields
  1545 | D:2      | Reached skill level 1 in Unarmed Combat
  1545 | D:2      | Reached skill level 1 in Evocations
  1666 | D:3      | Reached XP level 4. HP: 32/32 MP: 3/11
  2031 | D:3      | Reached skill level 1 in Conjurations
  2031 | D:3      | Reached skill level 1 in Hexes
  2031 | D:3      | Reached skill level 1 in Charms
  2031 | D:3      | Reached skill level 1 in Summonings
  2031 | D:3      | Reached skill level 1 in Necromancy
  2031 | D:3      | Reached skill level 1 in Translocations
  2031 | D:3      | Reached skill level 1 in Transmutations
  2031 | D:3      | Reached skill level 1 in Fire Magic
  2031 | D:3      | Reached skill level 1 in Air Magic
  2031 | D:3      | Reached skill level 1 in Earth Magic
  2031 | D:3      | Reached skill level 1 in Poison Magic
  2342 | D:3      | Found a hazy altar of Hepliaklqana.
  2545 | D:3      | Reached XP level 5. HP: 37/37 MP: 8/12
  2733 | D:3      | Found a shadowy altar of Dithmenos.
  3340 | D:4      | Reached XP level 6. HP: 41/44 MP: 13/13
  3671 | D:4      | Reached skill level 5 in Dodging
  3878 | D:4      | Noticed an orc warrior
  3897 | D:4      | Reached XP level 7. HP: 50/50 MP: 15/15
  4194 | D:5      | Entered Level 5 of the Dungeon
  4363 | D:5      | Found Jaefroq's Book Boutique.
  4405 | D:5      | Learned a level 4 spell: Hailstorm
  4410 | D:5      | Learned a level 4 spell: Summon Ice Beast
  4455 | D:5      | Reached skill level 5 in Stealth
  4615 | D:5      | Reached XP level 8. HP: 49/57 MP: 16/16
  5644 | D:6      | Found Hyf Tioson's Magic Scroll Emporium.
  5652 | D:6      | Bought a scroll of identify for 28 gold pieces
  5959 | D:6      | Found a snail-covered altar of Cheibriados.
  5960 | D:6      | Found a burning altar of Makhleb.
  5963 | D:6      | Found a stormy altar of Qazlal.
  6033 | D:6      | Found a white marble altar of Elyvilon.
  7005 | D:7      | You fall into a shaft and drop 2 floors!
  7022 | D:8      | Reached XP level 9. HP: 22/65 MP: 15/18
  7144 | D:8      | Reached skill level 8 in Ice Magic
  7235 | D:8      | Found a staircase to the Lair.
  7309 | D:8      | Noticed Maggie
  7317 | D:8      | HP: 1/65 [Maggie/bolt of fire (28)]
  7318 | D:8      | Killed Maggie
  7541 | D:8      | Reached skill level 5 in Invocations
  7884 | D:8      | Reached XP level 10. HP: 73/73 MP: 15/20
  8185 | D:7      | Found a staircase to the Ecumenical Temple.
  8191 | Temple   | Entered the Ecumenical Temple
  8276 | Temple   | Became a worshipper of Vehumet
  9039 | D:8      | Reached * piety under Vehumet
  9039 | D:8      | Offered knowledge of Shock by Vehumet.
  9039 | D:8      | Reached skill level 5 in Fighting
  9039 | D:8      | Reached skill level 5 in Short Blades
  9039 | D:8      | Reached skill level 5 in Long Blades
  9039 | D:8      | Reached skill level 5 in Axes
  9039 | D:8      | Reached skill level 5 in Maces & Flails
  9039 | D:8      | Reached skill level 5 in Polearms
  9039 | D:8      | Reached skill level 5 in Staves
  9039 | D:8      | Reached skill level 5 in Slings
  9039 | D:8      | Reached skill level 5 in Bows
  9039 | D:8      | Reached skill level 5 in Crossbows
  9039 | D:8      | Reached skill level 5 in Throwing
  9039 | D:8      | Reached skill level 5 in Armour
  9039 | D:8      | Reached skill level 5 in Shields
  9039 | D:8      | Reached skill level 5 in Unarmed Combat
  9039 | D:8      | Reached skill level 5 in Evocations
  9045 | D:8      | Noticed Joseph
  9055 | D:8      | Killed Joseph
  9502 | D:9      | Noticed a two-headed ogre
  9507 | D:9      | Found a large runed translucent door.
  9507 | D:9      | Noticed guibole's ghost (novice HOFi)
  9514 | D:9      | Slain by a two-headed ogre

Illustrated notes

Levels and vault maps discovered:
D:1:      dpeg_arrival_rooms_c, layout_basic
D:2:      layout_basic, minivault_14
D:3:      minmay_angry_zag, layout_loops_ring, lemuel_doored_altar,
          grunt_dithmenos_smoke_and_mirrors, due_unseen_surprise
D:4:      minmay_opposing_rooms, layout_basic, first_ration,
          roderic_roman_lattice
D:5:      layout_layer_cave, serial_shops, nicolae_shop_stone,
          portal_sewer_entry_f
D:6:      layout_basic, kennysheep_mini, gammafunk_temple_overflow_claw,
          serial_shops, shop
D:7:      layout_basic, minmay_temple_entry_hall
D:8:      minmay_polygon_palace, layout_cave_pools, minmay_lair_entry_grove,
          serial_rivers, chequers_serial_rivers_small_b,
          chequers_serial_rivers_micro_e, chequers_serial_rivers_micro_c,
          chequers_serial_rivers_micro_d, chequers_serial_rivers_large_b,
          chequers_serial_rivers_marsh, uniq_joseph, uniq_maggie
D:9:      layout_rooms, overflow_temple_1_default, ebering_ghost_disaster_area,
          hangedman_ranch [blue_anna_fruit_fields], dk_yredelemnul_ordeal
Temple:   bh_familiar_temple

Skill      XL: |  1  2  3  4  5  6  7  8  9 10 |
---------------+-------------------------------+-----
Spellcasting   | 5 6 7 |  7.2
Invocations    | 1 2 3 4 5 |  5.6
Fighting       | 1 2 3 4 5 |  5.1
Short Blades   | 1 2 3 4 5 |  5.1
Long Blades    | 1 2 3 4 5 |  5.1
Axes           | 1 2 3 4 5 |  5.1
Maces & Flails | 1 2 3 4 5 |  5.1
Polearms       | 1 2 3 4 5 |  5.1
Staves         | 1 2 3 4 5 |  5.1
Slings         | 1 2 3 4 5 |  5.1
Bows           | 1 2 3 4 5 |  5.1
Crossbows      | 1 2 3 4 5 |  5.1
Throwing       | 1 2 3 4 5 |  5.1
Armour         | 1 2 3 4 5 |  5.1
Shields        | 1 2 3 4 5 |  5.1
Unarmed Combat | 1 2 3 4 5 |  5.1
Evocations     | 1 2 3 4 5 |  5.1
Conjurations   | 1 2 3 4 |  4.2
Hexes          | 1 2 3 4 |  4.2
Charms         | 1 2 3 4 |  4.2
Summonings     | 1 2 3 4 |  4.2
Necromancy     | 1 2 3 4 |  4.2
Translocations | 1 2 3 4 |  4.2
Transmutations | 1 2 3 4 |  4.2
Fire Magic     | 1 2 3 4 |  4.2
Air Magic      | 1 2 3 4 |  4.2
Earth Magic    | 1 2 3 4 |  4.2
Poison Magic   | 1 2 3 4 |  4.2
Dodging        | 5 6 |  6.9
Stealth        | 5 6 |  6.7
Ice Magic      | 8 |  8.3

Action                   |  1- 3 |  4- 6 |  7- 9 | 10-12 || total
-------------------------+-------+-------+-------+-------++-------
Melee: Short sword       |    10 |     6 |       |       ||    16
       Unarmed           |     3 |       |       |       ||     3
       Dagger            |       |    56 |    43 |    29 ||   128
       Bite              |       |     6 |    11 |     4 ||    21
       Whip              |       |       |    82 |    23 ||   105
       Punch             |       |       |     1 |     1 ||     2
 Cast: Freeze            |    25 |     2 |     7 |     2 ||    36
       Frozen Ramparts   |     6 |    28 |    35 |    15 ||    84
       Summon Ice Beast  |       |       |    19 |     6 ||    25
       Hailstorm         |       |       |     6 |       ||     6
  Use: Scroll            |       |       |     1 |       ||     1
 Stab: Sleeping          |     2 |     2 |     2 |     1 ||     7
       Distracted        |       |     1 |     1 |       ||     2
  Eat: Chunk             |     2 |     9 |    16 |     5 ||    32
Armor: Robe              |     3 |    10 |    10 |       ||    23
       Steam dragon scal |       |       |     3 |    12 ||    15
Dodge: Dodged            |    23 |    63 |    89 |    64 ||   239
